 Dungeon Crawl Stone Soup version 0.30-a0-748-ge6a52f7cba (webtiles) character file.

Game seed: 14801865638404634839

1360 MachoJfn the Cutter (level 8, -3/90 HPs)
             Began as a Demonspawn Gladiator on Feb 8, 2023.
             Was an Initiate of Yredelemnul.
             Slain by an orc warrior
             ... wielding a +0 flail
              (6 damage)
             ... on level 6 of the Dungeon.
             The game lasted 00:14:09 (4759 turns).

MachoJfn the Cutter (Demonspawn Gladiator)          Turns: 4759, Time: 00:14:09

Health: -3/90      AC: 24    Str: 16    XL:     8   Next: 37%
Magic:  8/8        EV:  2    Int: 15    God:    Yredelemnul [......]
Gold:   241        SH:  0    Dex: 20    Spells: 7/7 levels left

rFire   . . .      SeeInvis .    u - +3 dagger "Giantbane" {vamp, Int+6 Dex+4}
rCold   . . .      Faith    .    (no shield)
rNeg    . . .      Spirit   .    (body armour currently unavailable)
rPois   +          Reflect  .    (helmet currently unavailable)
rElec   .          Harm     .    (cloak currently unavailable)
rCorr   .          Rampage  .    (gloves currently unavailable)
Will    +....      NoTele   +    (boots currently unavailable)
Stlth   ++                       (no amulet)
HPRegen 0.35/turn                n - ring of willpower
MPRegen 0.11/turn                q - +4 ring of slaying

@: tree-form
A: stationary, stasis, torment immunity, boosted hp, (claws 1), powered by death
1, powered by pain 1
a: Renounce Religion, Recall Undead Harvest


You were on level 6 of the Dungeon.
You worshipped Yredelemnul.
Yredelemnul was noncommittal.
You were a tree.
You visited 2 branches of the dungeon, and saw 7 of its levels.

You collected 241 gold pieces.

Inventory:

Hand Weapons
 h - a +1 short sword of freezing
 u - the +3 dagger "Giantbane" (weapon) {vamp, Int+6 Dex+4}
   (You found it on level 3 of the Dungeon)

   Int:       It affects your intelligence (+6).
   Dex:       It affects your dexterity (+4).
 z - a +2 short sword of venom
Missiles
 d - a throwing net (quivered)
 e - a javelin
 E - 3 atropa-tipped darts
 F - 2 poisoned darts
Armour
 c - a +0 helmet (melded)
 i - a +1 pair of gloves (melded)
 l - a +0 chain mail (melded)
 t - a +0 cloak (melded)
Magical Staves
 r - a staff of poison
Jewellery
 n - a ring of willpower (left branch)
 q - a +4 ring of slaying (right branch)
Wands
 y - a wand of roots (6)
Scrolls
 f - a scroll of magic mapping {unknown}
 g - a scroll of immolation {unknown}
 j - a scroll of blinking {unknown}
 k - 8 scrolls of identify {unknown}
 o - a scroll of enchant weapon {unknown}
 v - 4 scrolls of teleportation {unknown}
 B - a scroll of enchant armour {unknown}
 C - 2 scrolls of fog {unknown}
Potions
 a - 3 potions of mutation {unknown}
 b - 2 potions of berserk rage {unknown}
 m - 2 potions of lignification
 p - a potion of flight {unknown}
 s - 2 potions of curing {unknown}
 w - a potion of cancellation {unknown}
 x - a potion of degeneration {unknown}
 A - a potion of haste {unknown}
 D - a potion of heal wounds {unknown}


   Skills:
 + Level 3.9 Fighting
 + Level 5.5 Short Blades
 + Level 3.4 Axes
 + Level 2.1 Throwing
 + Level 5.1 Armour
 + Level 3.6 Dodging
 + Level 1.9 Stealth


You had 7 spell levels left.
You didn't know any spells.
Your spell library contained the following spells:

 Spells                   Type           Power      Damage    Failure   Level
 Kiss of Death            Conj/Necr      0%         2d5       26%         1
 Confusing Touch          Hex            0%         N/A       63%         3
 Ignite Poison            Fire/Tmut/Pois 0%         N/A       63%         3
 Kindle Blastsparks       Fire/Tloc/Air  0%         2d10      63%         3
 Dispel Undead            Necr           0%         3d6       95%         4
 Summon Lightning Spire   Summ/Air       0%         N/A       95%         4
 Freezing Cloud           Conj/Ice/Air   0%         6-21      100%        5
 Storm Form               Tmut/Air       0%         N/A       100%        7
 Maxwell's Capacitive Co  Air            0%         ∞         100%        8


Dungeon Overview and Level Annotations

Branches:
Dungeon (6/15)             Temple (1/1) D:4

Altars:
Ashenzari
Dithmenos
Fedhas
Gozag
Hepliaklqana
Kikubaaqudgha
Makhleb
Okawaru
Qazlal
Ru
Sif Muna
Trog
Uskayaw
Vehumet
Wu Jian
Xom
Yredelemnul

Annotations:
D:5 3 runed translucent doors, gelatine's ghost, novice DsFE


Innate Abilities, Weirdness & Mutations

You are a tree.
Your roots penetrate the ground, keeping you stationary.
You cannot be teleported.
You are immune to unholy pain and torment.
Your maximum health is greatly increased.
Your equipment is partially melded.
((You have sharp fingernails.))
You regenerate a little health from kills.
You sometimes gain a little power by taking damage.


Message History

The orc warrior shoots a bolt.
The bolt hits you!!
* * * LOW HITPOINT WARNING * * *
A bullfrog comes into view.
Your orc priest zombie hits the orc warrior.
The orc warrior shoots a bolt.
The bolt hits your orc priest zombie!!
Your orc priest zombie is destroyed!
Your orc zombie hits the orc warrior but does no damage.
The orc warrior unwields a +0 arbalest.
The orc warrior wields a +0 flail.
The orc warrior barely misses you.
You see here a +0 club.
You closely miss the orc warrior.
The orc warrior is lightly wounded.
Your orc zombie closely misses the orc warrior.
You hit the orc warrior.
You feel better.
The orc warrior is lightly wounded.
The orc warrior barely misses you.
Your orc zombie barely misses the orc warrior.
You hit the orc warrior but do no damage.
The orc warrior is lightly wounded.
The orc warrior hits you with a +0 flail.
* * * LOW HITPOINT WARNING * * *
You barely miss the orc warrior.
The orc warrior is lightly wounded.
Your orc zombie barely misses the orc warrior.
The bullfrog misses you.
The orc warrior hits you with a +0 flail!
* * * LOW HITPOINT WARNING * * *
You hit the orc warrior but do no damage.
The orc warrior is lightly wounded.
The bullfrog hits you but does no damage.
Your orc zombie hits the orc warrior but does no damage.
It was a potion of lignification.
You turn into a tree.
Your +0 cloak melds into your body.
Your +0 helmet melds into your body.
Your +1 pair of gloves melds into your body.
Your +0 chain mail melds into your body.
Your roots penetrate the ground.
The bullfrog hits you but does no damage.
The orc warrior hits you with a +0 flail.
You die...
Your body rises from the dead as a mindless zombie.

#..# .# #.. ..
... .#.... .#..
..# .#...
...###.##...#
... ......#
#..#.....###.
#..#ZF.......
#..o♣........
.....#.)<....#..
... ##.........
. ##........
....###.. .(...#
# .......#
........#
....#....#


You could see an orc warrior (ally target), a bullfrog and a friendly orc
zombie.

Vanquished Creatures
  Sigmund (D:4)
  Menkaure (D:4)
  Duvessa (D:5)
  An ice beast (D:5)
  2 ogres
  A centaur (D:5)
  2 scorpions
  A necrophage (D:4)
  Dowan (D:5)
  A hound (D:4)
  An orc priest (D:6)
  2 iguanas (D:5)
  5 orc wizards
  6 adders
  A shadow imp (D:5)
  A white imp (D:6)
  An ufetubus (D:4)
  3 worms
  2 dart slugs (D:4)
  18 orcs
  6 ball pythons
  5 bats
  5 endoplasms
  2 giant cockroaches
  4 goblins
  5 hobgoblins
  3 kobolds
  2 quokkas
  3 frilled lizards
  2 rats
89 creatures vanquished.

Vanquished Creatures (collateral kills)
  An adder (D:5)
  An orc (D:5)
2 creatures vanquished.

Vanquished Creatures (others)
  A centaur zombie (D:5)
  An ice beast zombie (D:5)
  An elf zombie (D:5)
  5 orc zombies
  An orc (D:6)
  A ball python zombie (D:4)
  An endoplasm zombie (D:4)
11 creatures vanquished.

Grand Total: 102 creatures vanquished

Notes
Turn   | Place    | Note
-------+----------+-------------------------------------------
     0 | D:1      | MachoJfn the Demonspawn Gladiator began the quest for the
                  | Orb.
     0 | D:1      | Reached XP level 1. HP: 16/16 MP: 1/1
   645 | D:2      | Gained mutation: You have sharp fingernails. [demonic
                  | ancestry]
   645 | D:2      | Reached XP level 2. HP: 20/22 MP: 2/2
   767 | D:2      | Reached XP level 3. HP: 27/27 MP: 3/3
  1040 | D:2      | Reached skill level 1 in Short Blades
  1409 | D:3      | Identified the +3 dagger "Giantbane" {vamp, Int+6 Dex+4}
  1547 | D:3      | Reached XP level 4. HP: 33/33 MP: 4/4
  1575 | D:3      | Reached skill level 1 in Armour
  2098 | D:4      | Noticed a necrophage
  2099 | D:4      | Noticed an ogre
  2107 | D:4      | Killed a necrophage
  2108 | D:4      | Gained mutation: You regenerate a little health from kills.
                  | [demonic ancestry]
  2108 | D:4      | Reached XP level 5. HP: 39/39 MP: 5/5
  2115 | D:4      | Killed an ogre
  2164 | D:4      | Found a staircase to the Ecumenical Temple.
  2171 | Temple   | Entered the Ecumenical Temple
  2480 | Temple   | Became a worshipper of Yredelemnul the Dark
  2633 | D:4      | Gained mutation: You sometimes gain a little power by
                  | taking damage. [demonic ancestry]
  2633 | D:4      | Reached XP level 6. HP: 46/46 MP: 6/6
  2651 | D:4      | Noticed Menkaure
  2660 | D:4      | Killed Menkaure
  2739 | D:4      | Noticed Sigmund
  2752 | D:4      | Killed Sigmund
  2753 | D:4      | Reached skill level 1 in Stealth
  2753 | D:4      | Reached XP level 7. HP: 42/51 MP: 7/7
  3398 | D:5      | Entered Level 5 of the Dungeon
  3417 | D:5      | Noticed Duvessa
  3417 | D:5      | Noticed Dowan
  3431 | D:5      | Killed Dowan
  3446 | D:5      | Killed Duvessa
  3446 | D:5      | Reached * piety under Yredelemnul
  3643 | D:5      | Found a runed translucent gate.
  3643 | D:5      | Found a runed translucent gate.
  3643 | D:5      | Found a runed translucent gate.
  3676 | D:5      | Noticed gelatine's ghost (novice DsFE)
  3731 | D:5      | Reached ** piety under Yredelemnul
  3732 | D:5      | Reached skill level 5 in Short Blades
  3732 | D:5      | Reached XP level 8. HP: 50/58 MP: 8/8
  3992 | D:5      | Reached skill level 5 in Armour
  4330 | D:5      | Your ally Duvessa died
  4757 | D:6      | HP: 1/60 [orc warrior/+0 flail (7)]
  4759 | D:6      | Slain by an orc warrior

Illustrated notes

Levels and vault maps discovered:
D:1:      sevenhm_arrival_forest_fort_small_5, layout_basic,
          chequers_serial_rivers_marsh, kennysheep_doodads, minmay_crystal_room
D:2:      layout_rooms, minmay_misc_feat_rugged, minmay_increasing_density
D:3:      layout_basic, serial_bayou, serial_bayou_pond_d, serial_bayou_shore_b,
          serial_bayou_pond_b, serial_bayou_shore_a
D:4:      layout_loops_ring, minmay_temple_entry_statues_pillars,
          due_unseen_surprise, uniq_sigmund, uniq_menkaure
D:5:      layout_basic, gammafunk_ghost_icy, uniq_duvessa
D:6:      kennysheep_windowed_halls, layout_cave_pools,
          mainiacjoe_overflow_catch_the_wave, hangedman_decor_clover_reticule,
          nicolae_fountain_basement, uniq_edmund
Temple:   mainiacjoe_temple_cubbyholes

Skill      XL: |  1  2  3  4  5  6  7  8 |
---------------+-------------------------+-----
Axes           | 3 |  3.4
Dodging        | 3 |  3.6
Short Blades   | 1 2 3 5 |  5.5
Armour         | 1 2 3 4 5 |  5.1
Stealth        | 1 |  1.9
Fighting       | 3 |  3.9
Throwing       | 2 |  2.1

Action                     |  1- 3 |  4- 6 |  7- 9 || total
---------------------------+-------+-------+-------++-------
  Melee: Short sword       |    61 |       |       ||    61
         War axe           |     7 |       |       ||     7
         Dagger            |    18 |   107 |   185 ||   310
         Punch             |     2 |       |       ||     2
  Throw: Throwing net      |       |     1 |     3 ||     4
    Use: Potion            |       |       |     1 ||     1
   Stab: Held in net/web   |       |     1 |     1 ||     2
 Armour: Chain mail        |    45 |    51 |    87 ||   183
         Leather armour    |     2 |       |       ||     2
         Skin              |       |       |     1 ||     1
  Dodge: Dodged            |    30 |    43 |    71 ||   144

Table legend: (Time is in decaauts)
 A = Elapsed time spent in this place.
 B = Non-inter-level travel time spent in this place.
 C = Inter-level travel time spent in this place.
 D = Time resting spent in this place.
 E = Time spent auto-exploring this place.
 F = Levels seen in this place.
 G = Mean time per level.
                   A        B        C        D        E       F      G
               +--------+--------+--------+--------+--------+-----+--------+
         Total |   4722 |   3857 |    865 |    410 |   2698 |   7 |  674.6 |
       Dungeon |   4315 |   3566 |    749 |    410 |   2412 |   6 |  719.2 |
        Temple |    406 |    290 |    116 |      0 |    286 |   1 |  406.0 |
               +--------+--------+--------+--------+--------+-----+--------+

Top non-repeatable levels by time:
     D:5: 1305 daAuts
     D:4: 975 daAuts
     D:3: 696 daAuts
     D:2: 687 daAuts
     D:1: 630 daAuts
  Temple: 406 daAuts
     D:6: 20 daAuts
